 Dungeon Crawl Stone Soup version 0.25-a0-667-gb977e01cb5 (webtiles) character file.

Game seed: 2617894566446761859, levelgen mode: deterministic

130 Error4North the Chopper (level 5, 0/46 HPs)
             Began as a Hill Orc Fighter on Mar 27, 2020.
             Slain by an ogre
             ... wielding a +0 giant club
              (23 damage)
             ... on level 4 of the Dungeon.
             The game lasted 00:06:41 (2346 turns).

Error4North the Chopper (Hill Orc Fighter)          Turns: 2346, Time: 00:06:41

Health: 0/46       AC:  8    Str: 20    XL:     5   Next: 14%
Magic:  5/5        EV:  7    Int:  8    God:
Gold:   185        SH:  9    Dex: 10    Spells: 4/4 levels left

rFire    . . .     SeeInvis .   a - +0 war axe
rCold    . . .     Gourm    .   c - +0 kite shield
rNeg     . . .     Faith    .   b - +0 scale mail
rPois    +         Spirit   .   (no helmet)
rElec    .         Reflect  .   g - +0 cloak
rCorr    .         Harm     .   (no gloves)
MR       .....                  (no boots)
Stlth    ..........             (no amulet)
HPRegen  0.15/turn              e - ring of poison resistance
MPRegen  0.09/turn              (no ring)

@: mighty
A: no striking features
a: no special abilities


You were on level 4 of the Dungeon.
You were not hungry.

You visited 1 branch of the dungeon, and saw 4 of its levels.

You collected 185 gold pieces.

Inventory:

Hand Weapons
 a - a +0 war axe (weapon)
Armour
 b - a +0 scale mail (worn)
 c - a +0 kite shield (worn)
 g - a +0 cloak (worn)
Jewellery
 e - a ring of poison resistance (left hand)
 k - an uncursed ring of protection from cold {unknown}
Wands
 t - a wand of polymorph (5)
Scrolls
 i - 4 scrolls of identify {unknown}
 l - a scroll of enchant armour {unknown}
 r - a scroll of teleportation {unknown}
Potions
 d - a potion of might
 h - a potion of curing {unknown}
 j - a potion of resistance {unknown}
 m - a potion of haste {unknown}
 n - a potion of lignification {unknown}
 o - 2 potions of heal wounds {unknown}
 p - 2 potions of brilliance {unknown}
 s - a potion of ambrosia {unknown}
Comestibles
 f - 6 rations
 q - a chunk of flesh


   Skills:
 * Level 4.0 Fighting
 + Level 4.3 Axes
 * Level 4.3 Armour
 + Level 0.5 Dodging
 * Level 4.2 Shields


You had 4 spell levels left.
You didn't know any spells.
Your spell library was empty.

Dungeon Overview and Level Annotations

Branches:
Dungeon (4/15)
 Temple: D:4-7

Altars:
Cheibriados
Hepliaklqana
Xom
Yredelemnul
The Shining One


Message History

You climb downwards.
An ogre comes into view. It is wielding a +0 giant club.
The ogre shouts!
Found 5 curare-tipped darts, a crooked copper wand, 32 bolts and a ration.
There is a stone staircase leading up here.
A leopard gecko skeleton comes into view.
You slash the leopard gecko skeleton!
You destroy the leopard gecko skeleton!
The ogre hits you with a +0 giant club.
You see here 5 curare-tipped darts.
You see here a wand of polymorph (5).
t - a wand of polymorph (5)
The ogre hits you with a +0 giant club!!
Sorry, you're not good enough to have a special ability.
You feel very mighty all of a sudden.
You slice the ogre!!
The ogre is almost dead.
The ogre hits you with a +0 giant club!!
Ouch! That really hurt!
You die...

###############
#........%....#
#..(..........#
#.............#
#.............#
#.............#
#.............#
#...<....O@...#
#.............#
#.............#
#.............#
#.............#
#.............#
######.########
#.#


You could see an ogre.

Vanquished Creatures
  4 adders
  An ooze (D:3)
  3 worms
  3 dart slugs
  6 leopard geckos
  An orc (D:3)
  9 bats
  6 giant cockroaches
  2 gnoll zombies (D:3)
  4 goblins
  6 hobgoblins
  7 jackals
  2 quokkas (D:2)
  2 frilled lizards
  6 kobolds
  A leopard gecko skeleton (D:4)
  2 rats (D:2)
65 creatures vanquished.

Notes
Turn   | Place    | Note
-------+----------+-------------------------------------------
     0 | D:1      | Error4North the Hill Orc Fighter began the quest for the
                  | Orb.
     0 | D:1      | Reached XP level 1. HP: 19/19 MP: 1/1
    49 | D:1      | Reached XP level 2. HP: 15/27 MP: 2/2
   862 | D:2      | Reached XP level 3. HP: 33/33 MP: 3/3
  1296 | D:2      | Found a snail-covered altar of Cheibriados.
  1313 | D:2      | Reached XP level 4. HP: 33/40 MP: 4/4
  1957 | D:3      | Reached XP level 5. HP: 33/46 MP: 5/5
  2012 | D:3      | Found a basalt altar of Yredelemnul.
  2175 | D:3      | Found a shimmering altar of Xom.
  2176 | D:3      | Found a hazy altar of Hepliaklqana.
  2177 | D:3      | Noticed a spectral ugly thing
  2284 | D:3      | Found a glowing golden altar of the Shining One.
  2336 | D:4      | Noticed an ogre
  2346 | D:4      | Slain by an ogre

Levels and vault maps discovered:
D:1:      dpeg_arrival_houses_and_road, layout_loops_ring
D:2:      layout_basic, lemuel_crystal_altar, first_ration
D:3:      layout_rooms, regret_index_temple_of_mockery,
          lemuel_zombie_altar_yredelemnul, tso_altar
D:4:      layout_basic, kennysheep_little_box, old_standard_altar

Skill      XL: |  1  2  3  4 |
---------------+-------------+-----
Axes           | 3 4 |  4.3
Armour         | 4 |  4.3
Shields        | 4 |  4.2
Fighting       | 4 |  4.0
Dodging        | |  0.5

Action                   |  1- 3 |  4- 6 || total
-------------------------+-------+-------++-------
Melee: War axe           |   123 |   116 ||   239
  Use: Potion            |       |     1 ||     1
  Eat: Chunk             |     2 |     3 ||     5
Armor: Scale mail        |    55 |    61 ||   116
Dodge: Dodged            |    50 |    37 ||    87
Block: Kite shield       |    76 |    62 ||   138

Table legend:
 A = Non-vault XP
 B = Vault XP
 C = Vault XP percentage of total XP
 D = Non-vault monster count
 E = Vault monster count
 F = Vault count percentage of total count
                 A         B        C        D         E       F
            +---------+---------+-------+---------+---------+-------
      Total |     184 |       3 |   1.6 |      63 |       2 |   3.1
            +---------+---------+-------+---------+---------+-------
        D:1 |      32 |       0 |   0.0 |      14 |       0 |   0.0
        D:2 |      87 |       0 |   0.0 |      25 |       0 |   0.0
        D:3 |      64 |       3 |   4.5 |      23 |       2 |   8.0
        D:4 |       1 |       0 |   0.0 |       1 |       0 |   0.0
            +---------+---------+-------+---------+---------+-------
